 Dungeon Crawl Stone Soup version 0.30-a0-728-gc68057be0a (webtiles) character file.

Game seed: 3773762056985877984

34227 Crownlay the Frost Mage (level 13, 0/100 HPs)
             Began as a Gnoll Ice Elementalist on Jan 31, 2023.
             Was a Priest of Uskayaw.
             Slain by a polar bear (4 damage)
             ... on level 5 of the Lair of Beasts.
             The game lasted 00:38:10 (14727 turns).

Crownlay the Frost Mage (Gnoll Ice Elementalist)   Turns: 14727, Time: 00:38:10

Health: 0/100      AC:  8    Str:  7    XL:     13   Next: 76%
Magic:  27/27      EV: 16    Int: 25    God:    Uskayaw [***...]
Gold:   1484       SH:  0    Dex: 14    Spells: 21/32 levels left

rFire   . . .      SeeInvis .    z - +5 woodcutter's axe
rCold   . . .      Faith    +    (shield currently unavailable)
rNeg    . . .      Spirit   .    T - +1 robe of Vines {NoPotionHeal Regen++++}
rPois   .          Reflect  .    Y - +0 helmet
rElec   .          Harm     .    M - +2 cloak {Stlth+}
rCorr   .          Rampage  .    (no gloves)
Will    .....                    (no boots)
Stlth   +++++                    H - amulet of faith
HPRegen 3.56/turn                u - +6 ring of intelligence
MPRegen 0.20/turn                i - ring of wizardry

@: no status effects
A: fangs 1, strong nose, distributed training
a: Renounce Religion, Stomp, Line Pass


You were on level 5 of the Lair of Beasts.
You worshipped Uskayaw.
Uskayaw was aware of your devotion.
You visited 3 branches of the dungeon, and saw 15 of its levels.
You also visited: Sewer and Bailey.

You collected 1596 gold pieces.
You spent 112 gold pieces at shops.

Inventory:

Hand Weapons
 z - the +5 woodcutter's axe (weapon)
   (You took it off a gnoll sergeant on level 3 of the Dungeon)
 D - a +8 heavy war axe
 V - the +3 short sword "Duegoren" {flame, rN+ rCorr Int+5}
   (You took it off a kobold in a bailey)

   Int:       It affects your intelligence (+5).
   rN:        It protects you from negative energy.
   rCorr:     It protects you from acid and corrosion.
Missiles
 n - 7 silver javelins
Armour
 s - an orb of light
 B - a +1 robe of resistance
 M - a +2 cloak of stealth (worn)
 T - the +1 robe of Vines (worn) {NoPotionHeal Regen++++}
   (You found it on level 7 of the Dungeon)

   NoPotionHeal: Its wearer cannot be healed by potions.
   Regen:     It increases your rate of health regeneration.
 Y - a +0 helmet (worn)
Jewellery
 d - a ring of see invisible
 i - a ring of wizardry (right hand)
 q - a ring of protection from cold
 u - a +6 ring of intelligence (left hand)
 H - an amulet of faith (around neck)
 O - a ring of protection from fire
 P - a ring of flight
Wands
 a - a wand of polymorph (5)
 v - a wand of roots (8)
 E - a wand of digging (10)
 K - a wand of flame (1)
 Q - a wand of mindburst (7)
 X - a wand of paralysis (13)
Scrolls
 e - 3 scrolls of enchant armour
 j - 3 scrolls of blinking
 k - 2 scrolls of fog
 o - 2 scrolls of immolation
 r - 6 scrolls of teleportation
 t - 3 scrolls of poison
 w - 3 scrolls of fear
 x - 2 scrolls of amnesia
 y - 2 scrolls of noise
 A - 2 scrolls of magic mapping
 G - a scroll of silence
Potions
 b - 4 potions of magic
 c - 5 potions of brilliance
 f - 6 potions of flight
 g - 5 potions of heal wounds
 h - 7 potions of curing
 l - 3 potions of berserk rage
 m - 2 potions of haste
 p - a potion of might {unknown}
 C - a potion of ambrosia {unknown}
 F - 3 potions of cancellation
 L - a potion of attraction {unknown}
 N - 2 potions of resistance
 R - 2 potions of invisibility {unknown}
 Z - a potion of mutation {unknown}


   Skills:
 + Level 8.9 Fighting
 + Level 8.9 Short Blades
 + Level 8.9 Long Blades
 + Level 8.9 Axes
 + Level 8.9 Maces & Flails
 + Level 8.9 Polearms
 + Level 8.9 Staves
 + Level 8.9 Ranged Weapons
 + Level 8.9 Throwing
 + Level 8.9 Armour
 + Level 10.0 Dodging
 + Level 9.9 Stealth
 + Level 8.9 Shields
 + Level 8.9 Unarmed Combat
 + Level 10.2 Spellcasting
 + Level 7.4 Conjurations
 + Level 7.4 Hexes
 + Level 7.4 Summonings
 + Level 7.4 Necromancy
 + Level 7.4 Translocations
 + Level 7.4 Transmutations
 + Level 7.4 Fire Magic
 + Level 10.3 Ice Magic
 + Level 7.4 Air Magic
 + Level 7.4 Earth Magic
 + Level 7.4 Poison Magic
 + Level 9.7 Invocations
 + Level 8.9 Evocations


You had 21 spell levels left.
You knew the following spells:

 Your Spells              Type           Power      Damage    Failure   Level
a - Freeze                Ice            100%       1d10      1%          1
b - Frozen Ramparts       Ice            100%       1d16      1%          3
c - Ozocubu's Armour      Ice            59%        N/A       1%          3
d - Summon Ice Beast      Ice/Summ       55%        N/A       1%          4

Your spell library contained the following spells:

 Spells                   Type           Power      Damage    Failure   Level
 Apportation              Tloc           98%        N/A       1%          1
 Beastly Appendage        Tmut           98%        N/A       1%          1
 Necrotise                Necr           100%       1d9       1%          1
 Summon Small Mammal      Summ           100%       N/A       1%          1
 Wereblood                Tmut           49%        N/A       1%          2
 Spider Form              Tmut/Pois      49%        N/A       1%          3
 Vhi's Electric Charge    Tloc/Air       98%        N/A       1%          3
 Ice Form                 Ice/Tmut       55%        N/A       1%          4
 Alistair's Intoxication  Tmut/Pois      32%        N/A       2%          5
 Arcjolt                  Conj/Air       24%        1d34      2%          5
 Maxwell's Capacitive Co  Air            24%        ∞         99%         8


Dungeon Overview and Level Annotations

Branches:
Dungeon (9/15)             Temple (1/1) D:5            Lair (5/5) D:9
  Swamp (0/4) Lair:2        Snake (0/4) Lair:3        Slime (0/5) Lair:4
    Orc (0/2) D:9           Sewer (visited)          Bailey (visited)

Altars:
Ashenzari
Cheibriados
Dithmenos
Elyvilon
Fedhas
Gozag
Kikubaaqudgha
Makhleb
Nemelex Xobeh
Qazlal
Uskayaw
Vehumet
Wu Jian
Yredelemnul
The Shining One

Shops:
D:3 *

Annotations:
Lair:5 exclusion: ice statue


Innate Abilities, Weirdness & Mutations

You have very sharp teeth.
Your uncanny sense of smell can sniff out nearby items.
Your experience applies equally to all skills.


Message History

The ice beast hits you but does no damage.
Uskayaw will force your foes to helplessly watch your dance.
Uskayaw prepares the audience for your solo!
The helpless polar bear fails to defend itself.
You hit the polar bear.
The polar bear is almost dead.
The helpless ice beast fails to defend itself.
You slash the ice beast!
You kill the ice beast!
The ice beast disappears in a puff of smoke!
The helpless polar bear fails to defend itself.
You hit the polar bear but do no damage.
The polar bear is almost dead.
The polar bear is no longer paralysed.
The polar bear bites you.
* * * LOW HITPOINT WARNING * * *
The polar bear claws you but does no damage.
The polar bear barely misses you.
You closely miss the polar bear.
The polar bear is almost dead.
The polar bear bites you.
* * * LOW HITPOINT WARNING * * *
The polar bear closely misses you.
The polar bear claws you but does no damage.
The polar bear bites you.
* * * LOW HITPOINT WARNING * * *
The polar bear claws you but does no damage.
The polar bear misses you.
You hit the polar bear.
The polar bear is almost dead.
The polar bear misses you.
The polar bear claws you but does no damage. x2
You closely miss the polar bear. Your bite misses the polar bear.
The polar bear is almost dead.
The polar bear bites you!!
* * * LOW HITPOINT WARNING * * *
The polar bear claws you but does no damage.
The polar bear misses you. The polar bear bites you!
* * * LOW HITPOINT WARNING * * *
The polar bear claws you.
You die...

#### ##########.≈.~...≈≈≈≈≈≈
PP.###P....#..#.#....≈≈≈≈≈≈≈
.†................≈.≈≈≈≈≈≈≈≈
..#............#...~~~≈≈≈4(?
####.......P........≈≈≈≈≈?.8
# ##.^..###..†....≈~.≈≈≈?}$
###### ##.....~.≈≈≈≈≈≈≈≈
##.....≈.≈≈≈≈≈≈
#.h@≈≈...≈≈≈≈ #...≈≈≈.~≈≈≈
##..~~~..~≈≈ #...~~~....
##.⌠.≈≈~... #.........
#......... ##..#....


You could see a polar bear (berserk).

Vanquished Creatures
  Josephine (Lair:3)
  Fannar (Lair:1)
  3 hydras
  2 death yaks (Lair:5)
  Urug (Lair:3)
  Amaemon (D:8)
  A phantasmal warrior (Lair:4)
  2 bog bodies (Lair:2)
  Pikel (D:5)
  2 black mambas
  An orange demon (D:8)
  9 cane toads
  A torpor snail (Lair:5)
  Maggie (D:6)
  Psyche (D:8)
  4 rime drakes
  5 komodo dragons
  2 polar bears
  3 trolls (D:7)
  7 hornets (Lair:3)
  12 blink frogs
  8 dream sheep
  2 wyverns
  Sigmund (D:5)
  4 wraiths (Lair:3)
  16 yaks
  3 basilisks
  A steam dragon (D:8)
  Edmund (D:4)
  Menkaure (D:5)
  An acid dragon (D:8)
  3 nagas (Lair:3)
  2 wargs (D:9)
  12 water moccasins
  Pargi (Sewer)
  9 orc warriors
  5 ice beasts
  2 black bears
  2 sky beasts
  3 centaurs
  13 wolves
  2 ogres
  3 phantoms
  4 lemures (D:5)
  3 kobold brigands
  5 bullfrogs
  A necrophage (D:5)
  A gnoll sergeant (D:3)
  2 scorpions
  18 wights
  6 killer bees (D:7)
  An electric eel (Lair:1)
  A howler monkey (D:8)
  2 jellies
  2 hounds (D:5)
  Crazy Yiuf (D:5)
  A gnoll bouda (D:9)
  5 orc priests
  6 iguanas
  10 orc wizards
  8 hell rats
  13 gnolls
  5 adders
  6 white imps
  A worm (D:4)
  2 dart slugs
  42 orcs
  4 endoplasms
  4 giant cockroaches
  8 goblins
  9 hobgoblins
  4 quokkas
  6 ball pythons
  9 bats
  2 frilled lizards (D:2)
  26 kobolds
  6 rats
380 creatures vanquished.

Vanquished Creatures (collateral kills)
  4 dream sheep (Lair:1)
  5 yaks (Lair:1)
  A human (Lair:4)
  An orc priest (D:7)
  An orc (D:7)
12 creatures vanquished.

Vanquished Creatures (others)
  An orc wizard (D:5)
  3 bushes
  13 fungi
  57 plants
74 creatures vanquished.

Grand Total: 466 creatures vanquished

Notes
Turn   | Place    | Note
-------+----------+-------------------------------------------
     0 | D:1      | Crownlay the Gnoll Ice Elementalist began the quest for the
                  | Orb.
     0 | D:1      | Reached XP level 1. HP: 13/13 MP: 6/6
   569 | D:1      | Reached XP level 2. HP: 19/19 MP: 4/7
  1143 | D:2      | Reached skill level 5 in Spellcasting
  1143 | D:2      | Reached XP level 3. HP: 20/25 MP: 4/9
  1197 | D:2      | Reached skill level 1 in Invocations
  1865 | D:3      | Reached skill level 1 in Fighting
  1865 | D:3      | Reached skill level 1 in Short Blades
  1865 | D:3      | Reached skill level 1 in Long Blades
  1865 | D:3      | Reached skill level 1 in Axes
  1865 | D:3      | Reached skill level 1 in Maces & Flails
  1865 | D:3      | Reached skill level 1 in Polearms
  1865 | D:3      | Reached skill level 1 in Staves
  1865 | D:3      | Reached skill level 1 in Ranged Weapons
  1865 | D:3      | Reached skill level 1 in Throwing
  1865 | D:3      | Reached skill level 1 in Armour
  1865 | D:3      | Reached skill level 1 in Shields
  1865 | D:3      | Reached skill level 1 in Unarmed Combat
  1865 | D:3      | Reached skill level 1 in Evocations
  1920 | D:3      | Found a stormy altar of Qazlal.
  1923 | D:3      | Found a white marble altar of Elyvilon.
  1926 | D:3      | Found a broken altar of Ashenzari.
  1929 | D:3      | Found a snail-covered altar of Cheibriados.
  2143 | D:3      | Reached XP level 4. HP: 25/32 MP: 3/11
  2144 | D:3      | Reached skill level 1 in Conjurations
  2144 | D:3      | Reached skill level 1 in Hexes
  2144 | D:3      | Reached skill level 1 in Summonings
  2144 | D:3      | Reached skill level 1 in Necromancy
  2144 | D:3      | Reached skill level 1 in Translocations
  2144 | D:3      | Reached skill level 1 in Transmutations
  2144 | D:3      | Reached skill level 1 in Fire Magic
  2144 | D:3      | Reached skill level 1 in Air Magic
  2144 | D:3      | Reached skill level 1 in Earth Magic
  2144 | D:3      | Reached skill level 1 in Poison Magic
  2150 | D:3      | Learned a level 3 spell: Frozen Ramparts
  2154 | D:3      | Learned a level 3 spell: Ozocubu's Armour
  2333 | D:3      | Noticed a gnoll sergeant
  2351 | D:3      | Reached XP level 5. HP: 19/37 MP: 3/12
  2441 | D:3      | Found Ybreozys's General Store.
  2450 | D:3      | Bought a scroll of fear for 56 gold pieces
  2450 | D:3      | Bought a scroll of amnesia for 56 gold pieces
  2963 | D:3      | Found a faded altar of an unknown god.
  3130 | D:4      | Noticed a phantom
  3238 | D:4      | Noticed an ogre
  3251 | D:4      | Killed an ogre
  3252 | D:4      | Reached skill level 5 in Dodging
  3252 | D:4      | Reached XP level 6. HP: 44/44 MP: 7/14
  3271 | D:4      | Found a glowing drain.
  3293 | Sewer    | Entered a sewer
  3362 | Sewer    | Noticed Pargi
  3377 | Sewer    | Killed Pargi
  3518 | D:4      | Reached XP level 7. HP: 44/51 MP: 15/15
  3807 | D:4      | Noticed Edmund
  3827 | D:4      | Killed Edmund
  3828 | D:4      | Reached skill level 5 in Stealth
  4400 | D:5      | Entered Level 5 of the Dungeon
  4558 | D:5      | Found a runed translucent door.
  4559 | D:5      | Noticed Crazy Yiuf
  4585 | D:5      | Reached XP level 8. HP: 58/58 MP: 14/16
  4615 | D:5      | Noticed Menkaure
  4626 | D:5      | Killed Menkaure
  4803 | D:5      | Found a staircase to the Ecumenical Temple.
  4814 | Temple   | Entered the Ecumenical Temple
  4878 | Temple   | Became a worshipper of Uskayaw the Reveller
  4892 | D:5      | Noticed Sigmund
  4907 | D:5      | Reached * piety under Uskayaw
  4912 | D:5      | Reached ** piety under Uskayaw
  4913 | D:5      | Reached *** piety under Uskayaw
  4914 | D:5      | Killed Sigmund
  5419 | D:5      | Noticed Pikel
  5426 | D:5      | Reached **** piety under Uskayaw
  5427 | D:5      | Reached ***** piety under Uskayaw
  5436 | D:5      | Killed Pikel
  5437 | D:5      | Reached XP level 9. HP: 65/65 MP: 7/18
  5888 | D:5      | Killed Crazy Yiuf
  6251 | D:6      | Noticed Maggie
  6269 | D:6      | Killed Maggie
  6443 | D:6      | Reached skill level 5 in Invocations
  7296 | D:7      | Reached skill level 5 in Fighting
  7296 | D:7      | Reached skill level 5 in Short Blades
  7296 | D:7      | Reached skill level 5 in Long Blades
  7296 | D:7      | Reached skill level 5 in Axes
  7296 | D:7      | Reached skill level 5 in Maces & Flails
  7296 | D:7      | Reached skill level 5 in Polearms
  7296 | D:7      | Reached skill level 5 in Staves
  7296 | D:7      | Reached skill level 5 in Ranged Weapons
  7296 | D:7      | Reached skill level 5 in Throwing
  7296 | D:7      | Reached skill level 5 in Armour
  7296 | D:7      | Reached skill level 5 in Shields
  7296 | D:7      | Reached skill level 5 in Unarmed Combat
  7296 | D:7      | Reached skill level 5 in Evocations
  7296 | D:7      | Reached XP level 10. HP: 74/74 MP: 20/20
  7467 | D:7      | Noticed a six-headed hydra
  7557 | D:7      | Learned a level 4 spell: Summon Ice Beast
  7675 | D:7      | Killed a seven-headed hydra
  7764 | D:7      | Found the +1 robe of Vines {NoPotionHeal Regen++++}
  8507 | D:8      | Noticed an orange demon
  8527 | D:8      | Killed an orange demon
  8541 | D:8      | Reached ****** piety under Uskayaw
  8550 | D:8      | Reached skill level 5 in Conjurations
  8550 | D:8      | Reached skill level 5 in Hexes
  8550 | D:8      | Reached skill level 5 in Summonings
  8550 | D:8      | Reached skill level 5 in Necromancy
  8550 | D:8      | Reached skill level 5 in Translocations
  8550 | D:8      | Reached skill level 5 in Transmutations
  8550 | D:8      | Reached skill level 5 in Fire Magic
  8550 | D:8      | Reached skill level 5 in Air Magic
  8550 | D:8      | Reached skill level 5 in Earth Magic
  8550 | D:8      | Reached skill level 5 in Poison Magic
  8554 | D:8      | Reached XP level 11. HP: 81/81 MP: 6/22
  8661 | D:8      | Noticed Amaemon
  8673 | D:8      | Killed Amaemon
  8777 | D:8      | Noticed Psyche
  8789 | D:8      | Killed Psyche
  9155 | D:9      | Found a staircase to the Orcish Mines.
  9232 | D:9      | Found a flagged portal.
  9250 | Bailey   | Entered a bailey
  9276 | Bailey   | Identified the +3 short sword "Duegoren" {flame, rN+ rCorr
                  | Int+5}
  9528 | D:9      | Found a staircase to the Lair.
 10136 | Lair:1   | Entered Level 1 of the Lair of Beasts
 10572 | Lair:1   | Noticed Fannar
 10594 | Lair:1   | Killed Fannar
 10707 | Lair:1   | Reached XP level 12. HP: 91/91 MP: 20/24
 11789 | Lair:2   | Found a staircase to the Swamp.
 12030 | Lair:3   | Noticed a four-headed hydra
 12039 | Lair:3   | Killed a four-headed hydra
 12184 | Lair:3   | Noticed Josephine
 12195 | Lair:3   | Killed Josephine
 12399 | Lair:3   | Paralysed by a hornet for 1 turns
 12491 | Lair:3   | Reached XP level 13. HP: 97/98 MP: 26/26
 12744 | Lair:3   | Reached skill level 10 in Ice Magic
 12934 | Lair:3   | Found a staircase to the Snake Pit.
 13054 | Lair:3   | Noticed Urug
 13071 | Lair:3   | HP: 3/99 [Urug/+3 scimitar of protection (27)]
 13090 | Lair:3   | Killed Urug
 13622 | Lair:4   | Found a staircase to the Slime Pits.
 13717 | Lair:4   | Reached skill level 10 in Spellcasting
 13722 | Lair:4   | Found a basalt altar of Yredelemnul.
 13913 | Lair:4   | Found a runed translucent door.
 14339 | Lair:5   | Entered Level 5 of the Lair of Beasts
 14454 | Lair:5   | Reached skill level 10 in Dodging
 14727 | Lair:5   | HP: 4/100 [polar bear (9)]
 14727 | Lair:5   | Slain by a polar bear

Illustrated notes

Levels and vault maps discovered:
D:1:      arrival_zaba_pyramid, layout_loops_ring,
          nicolae_kite_square_tiling_tiny
D:2:      layout_loops_ring, minmay_misc_feat_iff, glass_columns_c,
          minmay_tiny_reverse_x
D:3:      layout_loops_ring, grunt_temple_overflow_cloverleaf, serial_shops,
          shop, serial_bayou, serial_bayou_crossing, serial_bayou_pond_c,
          serial_bayou_pond_e, serial_bayou_pond_b,
          shapermc_ecumenical_altar_mp_vishouse, pf_guarded_unrand_woodcutter
D:4:      nicolae_cairo_tiling_very_big, layout_basic, portal_sewer_entry_c,
          minmay_misc_feat_roman, uniq_edmund
D:5:      layout_layer_cave, minmay_temple_entry_trees, minmay_misc_feat_rows,
          uniq_crazy_yiuf_cottage, uniq_sigmund, uniq_menkaure, uniq_pikel
D:6:      layout_basic, serial_corexii_hall, corexii_hall_statues_l,
          corexii_hall_statues_x, uniq_maggie
D:7:      layout_loops_ring, hellmonk_guarded_unrand_vines
D:8:      layout_rooms, uniq_amaemon, uniq_psyche
D:9:      layout_rooms, erik_lair_orcish_takeover, david_orc_5, enter_bailey_5,
          grunt_decor_resistance, patterned_corridor
Temple:   eino_temple_scatter_basement
Lair:1:   layout_regular_city, pdpol_lair_neglected_garden, st_stairs_13,
          nicolae_lair_grazing_beasts [nicolae_sub_lair_graze_edge,
          nicolae_sub_lair_graze_edge, nicolae_sub_lair_graze_edge,
          nicolae_sub_lair_graze_edge], serial_bayou_shore_a, uniq_fannar
Lair:2:   layout_gridlike, skrybe_swamp_entry_bodies,
          infiniplex_staircase_pool_2
Lair:3:   layout_layer_cave, nicolae_snake_entry_squirm, dreamdust_wasp_nest,
          uniq_urug, uniq_josephine
Lair:4:   layout_regular_city, slime_entry_1, basic_altar,
          pdpol_lair_cabin_in_the_woods
Lair:5:   cheibrodos_lair_end_hotspot, layout_long_grid, st_stairs_5,
          ice2_lemuel, serial_bayou_shore_b

Skill      XL: |  1  2  3  4  5  6  7  8  9 10 11 12 13 |
---------------+----------------------------------------+-----
Spellcasting   | 5 6 7 8 9 10 | 10.2
Invocations    | 1 2 3 4 5 6 7 8 9 |  9.7
Fighting       | 1 2 3 4 5 6 7 8 |  8.9
Short Blades   | 1 2 3 4 5 6 7 8 |  8.9
Long Blades    | 1 2 3 4 5 6 7 8 |  8.9
Axes           | 1 2 3 4 5 6 7 8 |  8.9
Maces & Flails | 1 2 3 4 5 6 7 8 |  8.9
Polearms       | 1 2 3 4 5 6 7 8 |  8.9
Staves         | 1 2 3 4 5 6 7 8 |  8.9
Ranged Weapons | 1 2 3 4 5 6 7 8 |  8.9
Throwing       | 1 2 3 4 5 6 7 8 |  8.9
Armour         | 1 2 3 4 5 6 7 8 |  8.9
Shields        | 1 2 3 4 5 6 7 8 |  8.9
Unarmed Combat | 1 2 3 4 5 6 7 8 |  8.9
Evocations     | 1 2 3 4 5 6 7 8 |  8.9
Conjurations   | 1 2 3 4 5 6 7 |  7.4
Hexes          | 1 2 3 4 5 6 7 |  7.4
Summonings     | 1 2 3 4 5 6 7 |  7.4
Necromancy     | 1 2 3 4 5 6 7 |  7.4
Translocations | 1 2 3 4 5 6 7 |  7.4
Transmutations | 1 2 3 4 5 6 7 |  7.4
Fire Magic     | 1 2 3 4 5 6 7 |  7.4
Air Magic      | 1 2 3 4 5 6 7 |  7.4
Earth Magic    | 1 2 3 4 5 6 7 |  7.4
Poison Magic   | 1 2 3 4 5 6 7 |  7.4
Dodging        | 5 6 7 8 9 10 | 10.0
Stealth        | 5 6 7 8 9 |  9.9
Ice Magic      | 8 9 10 | 10.3

Action                     |  1- 3 |  4- 6 |  7- 9 | 10-12 | 13-15 || total
---------------------------+-------+-------+-------+-------+-------++-------
  Melee: Unarmed           |     3 |       |       |       |       ||     3
         Dagger            |     5 |    10 |       |     5 |       ||    20
         Bite              |     1 |     9 |    24 |    33 |    29 ||    96
         Spear             |       |    65 |    31 |       |       ||    96
         Battleaxe         |       |    17 |   170 |   310 |   197 ||   694
         Short sword       |       |       |       |     3 |     7 ||    10
  Throw: Dart              |       |       |       |     1 |       ||     1
   Cast: Freeze            |    43 |     3 |     3 |     1 |       ||    50
         Frozen Ramparts   |       |     7 |    26 |    55 |    20 ||   108
         Ozocubu's Armour  |       |     5 |    20 |    40 |    20 ||    85
         Summon Ice Beast  |       |       |       |     9 |     3 ||    12
  Evoke: Wand              |       |       |       |    18 |     6 ||    24
    Use: Scroll            |       |     6 |     2 |    18 |     4 ||    30
   Stab: Sleeping          |     1 |       |     5 |     2 |     3 ||    11
         Paralysed         |       |       |    10 |    43 |    36 ||    89
         Distracted        |       |       |       |     1 |     1 ||     2
 Armour: Robe              |    11 |    30 |       |    82 |    51 ||   174
         Troll leather arm |       |     1 |    43 |    21 |       ||    65
  Dodge: Dodged            |    25 |    85 |   120 |   248 |   165 ||   643

Table legend: (Time is in decaauts)
 A = Elapsed time spent in this place.
 B = Non-inter-level travel time spent in this place.
 C = Inter-level travel time spent in this place.
 D = Time resting spent in this place.
 E = Time spent auto-exploring this place.
 F = Levels seen in this place.
 G = Mean time per level.
                   A        B        C        D        E       F      G
               +--------+--------+--------+--------+--------+-----+--------+
         Total |  14752 |  14176 |    576 |    332 |  10433 |  17 |  867.8 |
       Dungeon |   9632 |   9201 |    431 |    325 |   7111 |   9 | 1070.2 |
        Temple |     75 |     65 |     10 |      0 |     48 |   1 |   75.0 |
          Lair |   4598 |   4464 |    134 |      7 |   3079 |   5 |  919.6 |
         Sewer |    178 |    178 |      0 |      0 |     93 |   1 |  178.0 |
        Bailey |    266 |    266 |      0 |      0 |    101 |   1 |  266.0 |
               +--------+--------+--------+--------+--------+-----+--------+

Top non-repeatable levels by time:
     D:5: 1476 daAuts
     D:3: 1372 daAuts
  Lair:3: 1281 daAuts
     D:7: 1240 daAuts
  Lair:4: 1137 daAuts
     D:4: 1073 daAuts
  Lair:1: 987 daAuts
     D:8: 985 daAuts
     D:6: 975 daAuts
     D:1: 939 daAuts
     D:2: 856 daAuts
  Lair:2: 852 daAuts
     D:9: 713 daAuts
  Lair:5: 339 daAuts
  Bailey: 266 daAuts
